 Dungeon Crawl Stone Soup version 0.20.1-1-g8b1a95d (webtiles) character file.

105 Irenicus the Insei (level 4, 0/24 HPs)
             Began as an Octopode Chaos Knight on Oct 9, 2017.
             Killed by divine providence
             ... invoked by an orc priest
              (13 damage)
             ... on level 4 of the Dungeon.
             The game lasted 00:05:47 (1751 turns).

Irenicus the Insei (Octopode Chaos Knight)          Turns: 1751, Time: 00:05:48

Health: 0/24       AC:  5    Str:  9 (11) XL:     4   Next: 81%
Magic:  13/13      EV: 13    Int: 11 (14) God:    Xom [......]
Gold:   210        SH:  0    Dex: 10 (12) Spells: 3/3 levels left

rFire    . . .     SeeInvis .     - Unarmed
rCold    . . .     Gourm    .   (no shield)
rNeg     . . .     Faith    .   (helmet restricted)
rPois    .         Spirit   .   (no amulet)
rElec    .         Reflect  .   i - ring of magical power
rCorr    .         Harm     .   e - +4 ring of protection
MR       .....                  (no ring)
Stlth    +++.......             (no ring)
Regen    0.1/turn               (no ring)
MPRegen  0.2/turn               (no ring)
                                (no ring)
                                (no ring)

@: no status effects
A: almost no armour, stealthy swim, amphibious, 8 rings, constrict 8, camouflage
1, frail 2, gelatinous body 1
a: Renounce Religion


You were on level 4 of the Dungeon.
You worshipped Xom.
You were a very special plaything of Xom.
You were not hungry.

You visited 1 branch of the dungeon, and saw 4 of its levels.

You collected 210 gold pieces.

Inventory:

Jewellery
 e - a +4 ring of protection (right tentacle)
 i - a ring of magical power (left tentacle)
Scrolls
 b - 3 scrolls of identify {unknown}
 g - 4 scrolls of remove curse {unknown}
 h - a scroll of blinking {unknown}
 j - 2 scrolls of teleportation {unknown}
 l - a scroll of enchant armour {unknown}
Potions
 d - a potion of brilliance {unknown}
 m - a potion of degeneration
Comestibles
 a - 4 bread rations
 f - 4 fruits


   Skills:
 - Level 3.0 Fighting
 - Level 2.3 Dodging
 + Level 2.6 Stealth
 + Level 4.9 Unarmed Combat


You had 3 spell levels left.
You didn't know any spells.

Dungeon Overview and Level Annotations

Branches:
Dungeon (4/15)
 Temple: D:4-7

Altars:
Trog
Xom

Annotations:
D:3 Irenicus's ghost, amateur OpCK


Innate Abilities, Weirdness & Mutations

You cannot wear most types of armour.
You are very stealthy in the water. (Stealth+)
You are amphibious.
You can wear up to eight rings at the same time.
You can use your tentacles to constrict eight enemies at once.
Your skin changes colour to match your surroundings (Stealth+).
Your rubbery body absorbs attacks. (AC +1, EV +1)
You are very frail. (-20% HP)


Message History

There is a shimmering altar of Xom here.
Xom does a drum roll.
You hear a shout!
You can drink potions again.
There is a stone staircase leading down here.
You climb downwards. 2 orcs, an orc priest and an orc wizard come into view.
The orc shouts!
The orc priest shouts!
You hear a screech!
Found 18 arrows.
There is a stone staircase leading up here.
It was a potion of degeneration.
There was something very wrong with that liquid.
You feel weakened.
You feel dopey.
You feel clumsy. The orc hits you but does no damage.
It was a potion of curing.
You feel better.
The orc priest mumbles some strange prayers to Beogh against you.
Beogh smites you!
Ouch! That really hurt!
You die...
Xom howls with laughter!

#.# #.#
#.# #.#
#.# #.#
#######o#
...o..o@#
######.o#
#..# #..#
#(.. ....
#.## #.


You could see an orc priest, an orc wizard and 2 orcs.

Vanquished Creatures
  4 adders
  4 worms
  An orc (D:3)
  5 giant cockroaches
  5 goblins
  3 hobgoblins
  2 jackals (D:1)
  A quokka (D:3)
  12 bats
  5 frilled lizards
  8 kobolds
  8 rats
58 creatures vanquished.

Notes
Turn   | Place    | Note
-------+----------+-------------------------------------------
     0 | D:1      | Irenicus the Octopode Chaos Knight began the quest for the Orb.
     0 | D:1      | Reached XP level 1. HP: 16/16 MP: 1/1
    20 | D:1      | XOM: smoke on damage
   257 | D:1      | XOM: divination: detect creatures
   305 | D:1      | Reached XP level 2. HP: 19/21 MP: 2/2
   688 | D:2      | XOM: harmless Ice miscast
   698 | D:2      | Reached skill level 4 in Unarmed Combat
   754 | D:2      | Reached XP level 3. HP: 23/26 MP: 3/3
   773 | D:2      | XOM: divination: detect items
   901 | D:2      | XOM: god gift: scroll labeled NOSUAK PASIU {god gift}
   907 | D:2      | Reached skill level 1 in Stealth
  1016 | D:2      | XOM: noise
  1072 | D:2      | XOM: butterfly on damage
  1158 | D:2      | XOM: give mutations
  1158 | D:2      | Gained mutation: You are frail. (-10% HP) [Xom's mischief]
  1158 | D:2      | Gained mutation: You are very frail. (-20% HP) [Xom's mischief]
  1182 | D:2      | Reached XP level 4. HP: 18/24 MP: 4/4
  1202 | D:2      | Noticed a moth of wrath
  1204 | D:2      | Found a bloodstained altar of Trog.
  1686 | D:3      | Noticed Irenicus's ghost (amateur OpCK)
  1711 | D:3      | XOM: torment (13/24 hp)
  1731 | D:3      | XOM: medium Ice miscast
  1734 | D:3      | XOM: scenery: create altars
  1742 | D:3      | XOM: noise
  1751 | D:4      | Killed from afar by an orc priest

Skill      XL: |  1  2  3  4 |
---------------+-------------+-----
Unarmed Combat | 4 |  4.9
Stealth        | 1 2 |  2.6
Fighting       | |  3.0
Dodging        | |  2.3

Action                   |  1- 3 |  4- 6 || total
-------------------------+-------+-------++-------
Melee: Unarmed           |    88 |    56 ||   144
       Constrict         |    27 |    11 ||    38
       Tentacles         |    14 |     8 ||    22
       Punch             |     5 |     2 ||     7
  Use: Scroll            |     2 |       ||     2
       Potion            |       |     3 ||     3
 Stab: Sleeping          |     3 |     8 ||    11
  Eat: Chunk             |     1 |     2 ||     3
Armor: Skin              |    14 |    19 ||    33
Dodge: Dodged            |    63 |    63 ||   126
